Map: Cyber Forest LE

Players

liquidthermy (uThermal) - Winner!

  • Race: Terran Terran
  • Spawn Location: 11:00

SouLeer

  • Race: Zerg Zerg
  • League: Master
  • Spawn Location: 5:00

Event: HomeStory Cup XIX

VOD

Have the link to the VOD?

Description

Time

  • Played on: June 27, 2019, 12:03 p.m.
  • Length: 7:46

All games in this series

Show
View Real Time Build Order
Export as new Build Order

liquidthermy Terran - Winner!

Build Orders: Reaper Expand 

Get SALT Encoding   

  12  0:01  SCV  
  13  0:13  SCV  
  14  0:17  Supply Depot  
  14  0:25  SCV  
  15  0:38  SCV  
  15  0:40  Barracks  
  16  0:44  Refinery  
  16  0:50  SCV  
  17  1:02  SCV  
  18  1:15  SCV  
  19  1:27  Orbital Command, Reaper  
  20  1:40  Command Center  
  20  1:51  Barracks  
  20  1:55  SCV  
  21  2:01  Barracks Reactor  
  21  2:07  SCV  
  21  2:09  Command Center  
  21  2:15  Supply Depot  
  21  2:19  SCV  
  22  2:31  SCV  
  23  2:37  Marine x2  
  23  2:39  Barracks Tech Lab  
  23  2:40  Factory  
  23  2:43  SCV  
  26  2:45  Refinery  
  26  2:55  SCV  
  26  2:57  Marine, Supply Depot  
  26  2:58  Marine  
  28  3:02  Marine  
  30  3:09  Stimpack  
  30  3:11  SCV  
  31  3:18  Marine x2  
  33  3:21  Marine  
  33  3:23  SCV  
  35  3:32  Starport  
  35  3:35  SCV  
  35  3:38  Factory Reactor  
  35  3:41  Marine x2  
  36  3:42  Marine  
  38  3:49  Orbital Command  
  38  3:52  SCV  
  39  3:59  Marine x2  
  39  4:00  Marine  
  42  4:04  SCV  
  43  4:13  Supply Depot  
  43  4:16  Marine, SCV  
  45  4:23  Factory Tech Lab, Medivac x2  
  45  4:24  Marine  
  49  4:25  Marine  
  49  4:27  SCV  
  52  4:32  Supply Depot  
  52  4:37  Marine, Engineering Bay  
  53  4:42  Marine  
  53  4:43  Supply Depot  
  54  4:46  SCV  
  54  4:47  SCV  
  54  4:49  Marine  
  57  4:54  Refinery  
  57  4:59  SCV  
  58  5:00  Siege Tank  
  58  5:01  SCV  
  58  5:04  Marine  
  58  5:05  Marine, Starport Reactor  
  64  5:10  Terran Infantry Weapons Level 1  
  64  5:11  SCV  
  64  5:12  Marine  
  66  5:19  Barracks  
  66  5:22  Marine, SCV  
  66  5:23  Marine  
  69  5:30  Marine  
  69  5:31  SCV  
  69  5:32  Siege Tank  
  74  5:37  Supply Depot  
  72  5:52  Supply Depot  
  72  5:53  Supply Depot  
  72  5:54  Supply Depot  
  72  6:01  Combat Shield  
  72  6:05  Supply Depot  
  72  6:13  Marine x4, SCV x2  
  72  6:14  Medivac  
  72  6:17  Siege Tank  
  83  6:19  Marine  
  85  6:25  SCV x2  
  85  6:29  Medivac  
  85  6:31  Marine x3  
  91  6:35  Marine, Supply Depot  
  91  6:37  SCV  
  91  6:38  SCV  
  94  6:40  Marine  
  95  6:49  Siege Tank, Marine  
  95  6:53  Marine  
  95  6:54  Marine x2  
  101  6:59  Marine  
  103  7:05  SCV  
  103  7:06  Marine  
  103  7:08  Command Center  
  105  7:10  Marine  
  105  7:11  SCV, Supply Depot  
  105  7:13  Marine  
  105  7:14  Marine  
  109  7:24  SCV  
Show
View Real Time Build Order
Export as new Build Order

SouLeer Zerg 

Build Orders: Pool First 

Get SALT Encoding   

  12  0:01  Drone  
  13  0:12  Overlord  
  13  0:17  Drone  
  14  0:30  Drone x2  
  14  0:33  Extractor  
  15  0:38  Drone  
  16  0:49  Spawning Pool  
  15  0:51  Drone  
  16  1:01  Drone  
  17  1:22  Hatchery  
  16  1:35  Zergling x6  
  16  1:38  Metabolic Boost  
  19  1:48  Queen  
  21  1:57  Overlord  
  21  2:10  Roach Warren  
  21  2:12  Drone  
  21  2:20  Drone x2  
  24  2:25  Queen  
  26  2:30  Drone  
  27  2:47  Hatchery  
  26  2:53  Drone x2  
  26  2:58  Drone x2  
  30  3:04  Overlord  
  30  3:07  Drone  
  30  3:08  Drone  
  30  3:11  Drone  
  33  3:15  Drone  
  33  3:17  Drone  
  35  3:21  Overlord  
  35  3:30  Drone x2  
  37  3:34  Queen  
  39  3:41  Drone x2  
  39  3:44  Queen  
  43  3:49  Baneling Nest  
  43  3:52  Drone x2  
  44  3:58  Overlord  
  44  3:59  Zergling x2  
  45  4:04  Queen  
  47  4:12  Overlord  
  47  4:15  Overlord  
  47  4:18  Zergling x6  
  47  4:19  Zergling x2  
  47  4:21  Zergling x2  
  52  4:26  Drone x2  
  52  4:27  Zergling x2  
  52  4:30  Zergling x4  
  57  4:35  Zergling x6  
  57  4:36  Zergling x2  
  61  4:44  Zergling x2  
  62  4:48  Zergling x10  
  67  4:54  Zergling x8  
  67  4:58  Zergling x2  
  72  5:04  Overlord  
  72  5:07  Overlord  
  72  5:09  Queen  
  72  5:10  Baneling x2  
  72  5:11  Baneling  
  74  5:17  Baneling x4  
  74  5:19  Baneling x2  
  74  5:20  Baneling  
  74  5:22  Overlord  
  74  5:24  Zergling x6  
  74  5:26  Zergling x2  
  78  5:30  Zergling x6  
  81  5:35  Overlord  
  81  5:40  Drone x2  
  81  5:41  Drone x2  
  78  5:43  Drone  
  78  5:46  Drone x2  
  68  5:50  Drone x2  
  68  5:52  Zergling x2  
  68  5:53  Zergling x2  
  68  5:55  Zergling x2  
  73  5:59  Zergling x2  
  73  6:00  Zergling x4  
  73  6:03  Zergling x4  
  78  6:07  Zergling x2  
  78  6:09  Queen  
  78  6:11  Zergling x2  
  82  6:13  Zergling x2  
  82  6:16  Lair  
  83  6:20  Drone, Evolution Chamber, Extractor  
  83  6:21  Drone  
  83  6:22  Drone  
  83  6:24  Drone  
  86  6:25  Drone  
  86  6:32  Zergling x6  
  89  6:33  Baneling x3  
  89  6:34  Baneling x3  
  89  6:38  Zergling x6  
  92  6:41  Zergling x4  
  92  6:42  Zergling x2  
  92  6:44  Overlord  
  95  6:52  Zergling x2  
  95  6:53  Zergling x6  
  99  6:57  Zergling x2  
  99  6:58  Zergling x2  
  99  6:59  Zergling x6  
  103  7:01  Baneling x3  
  103  7:02  Baneling x2  
  103  7:03  Zergling x2  
  103  7:05  Queen  
  103  7:06  Zergling x2  
  107  7:08  Zergling x4  
  107  7:12  Zergling x4  
  107  7:14  Zergling x2  
  112  7:15  Baneling  
  112  7:16  Baneling  
  112  7:17  Zergling x2  
  112  7:20  Overlord  
  112  7:21  Overlord  
  113  7:27  Overlord  
Tags
 
Add a new tag
Caveats
  • Supply blocks, unpowered buildings, or Contaminate may cause inaccurate times.
  • Supply counts are checked every 10 seconds.